 Dungeon Crawl Stone Soup version 0.18.1-47-g9310371 (webtiles) character file.

221 Sirdec the Chopper (level 6, -6/47 HPs)
             Began as a Formicid Abyssal Knight on June 19, 2016.
             Was a Believer of Lugonu.
             Killed from afar by an orc wizard (7 damage)
             ... with a magic dart
             ... on level 4 of the Dungeon.
             The game lasted 00:19:59 (2722 turns).

Sirdec the Chopper (Formicid Abyssal Knight)        Turns: 2722, Time: 00:20:00

Health: -6/47      AC:  5    Str: 21    XL:     6   Next: 19%
Magic:  6/8        EV: 11    Int: 12    God:    Lugonu [**....]
Gold:   175        SH:  0    Dex: 10    Spells: 0 memorised, 5 levels left

rFire  . . .     SeeInvis +     a - +1 hand axe
rCold  . . .     Gourm    .     h - +0 ring mail
rNeg   . . .     Faith    .     (no shield)
rPois  .         Spirit   .     (helmet unavailable)
rElec  .         Dismiss  .     (no cloak)
rCorr  .         Reflect  .     (no gloves)
SustAt .         Harm     .     (no boots)
MR     .....                    (no amulet)
Stlth  ..........               r - +3 ring of strength
                                d - ring of flight

@: flying, not resistant to hostile enchantments, extremely unstealthy
A: permanent stasis, dig shafts and tunnels, four strong arms, antennae 3
a: Dig, Shaft Self, Depart the Abyss, Bend Space, Renounce Religion


You were on level 4 of the Dungeon.
You worshipped Lugonu.
Lugonu was pleased with you.
You were not hungry.

You visited 1 branch of the dungeon, and saw 4 of its levels.
You visited the Abyss 1 time.
You also visited: Sewer.

You collected 175 gold pieces.

Inventory:

Hand Weapons
 a - a +1 hand axe (weapon)
 u - a +0 broad axe
 w - a +0 battleaxe
Missiles
 k - 20 bolts
Armour
 b - a +0 leather armour
 h - a +0 ring mail (worn)
 s - a +0 plate armour
Jewellery
 d - a ring of flight (left hand)
 r - a +3 ring of strength (right hand)
Wands
 v - a wand of confusion (26/48)
Scrolls
 j - a scroll of blinking {unknown}
 p - 2 scrolls of identify
 q - a scroll of enchant weapon {unknown}
 t - a scroll of recharging {unknown}
 x - a scroll of magic mapping {unknown}
 y - 3 scrolls of noise {unknown}
 z - a scroll of remove curse {unknown}
 A - a scroll of immolation {unknown}
 C - a scroll of teleportation {unknown}
Potions
 e - a potion of curing
 g - a potion of might {unknown}
 l - a potion of flight
 m - a potion of heal wounds {unknown}
 n - 2 potions of lignification {unknown}
 o - a potion of mutation {unknown}
 B - a potion of invisibility {unknown}
 E - a potion of beneficial mutation {unknown}
Books
 D - a book of Geomancy

   Spells                             Type                      Level
   a - Sandblast                      Earth                        1
   b - Passwall                       Transmutation/Earth          2
   c - Stone Arrow                    Conjuration/Earth            3
   d - Petrify                        Transmutation/Earth          4
   e - Lee's Rapid Deconstruction     Earth                        5
Comestibles
 c - 2 bread rations
 f - a beef jerky
 i - a meat ration
 F - a chunk of flesh


   Skills:
 - Level 3.4 Fighting
 * Level 4.7 Axes
 + Level 3.5 Armour
 - Level 1.0 Dodging
 - Level 3.1 Invocations
 + Level 0.7 Evocations


You had 5 spell levels left.
You didn't know any spells.

Dungeon Overview and Level Annotations

Branches:
Dungeon (4/15)
 Temple: D:4-7

Altars:
Okawaru

Shops:
D:4 }


Innate Abilities, Weirdness & Mutations

You are under a permanent stasis effect.
You can dig through walls and to a lower floor.
Your four strong arms can wield two-handed weapons with a shield.
You have a pair of large antennae on your head (SInv).


Message History

You kill the orc!
Lugonu accepts your kill. Space bends around you!
You blink.
You feel slightly more hungry. The ogre hits you with a giant club!
The orc wizard gestures wildly while chanting.
The orc wizard blinks!
Drink which item? (? for menu, Esc to quit)
It was a potion of flight.
You feel very buoyant.
You fly up into the air.
The ogre hits you with a giant club!
* * * LOW HITPOINT WARNING * * *
You fail to use your ability.
The orc wizard gestures wildly while chanting.
The orc wizard blinks!
The ogre closely misses you. Space bends around you!
You blink.
* * * LOW HITPOINT WARNING * * *
You feel slightly more hungry.
The orc wizard gestures at you while chanting.
The magic dart hits you!
You die...

### #.# #.# #.# # #.# # #
#.##############
........######...............
..O. #...o..@§.##############
....:.#...##O.# #..
########o.# .. .......)..# #.
#########.# #§##########.#
#(.......O...# ##############


You could see an ogre, an orc wizard and an orc.

Vanquished Creatures
  A crocodile (Sewer)
  Jessica (D:2)
  An iguana (D:4)
  A gnoll (D:1)
  3 worms
  3 dart slugs
  5 orcs
  5 bats
  3 giant cockroaches
  4 goblins
  8 hobgoblins
  12 jackals
  A quokka (D:3)
  A ball python (D:2)
  3 giant newts
  4 kobolds
  8 rats
64 creatures vanquished.

Notes
Turn   | Place    | Note
--------------------------------------------------------------
     0 | Abyss:1  | Sirdec the Formicid Abyssal Knight began the quest for the Orb.
     0 | Abyss:1  | Reached XP level 1. HP: 18/18 MP: 2/2
     5 | Abyss:1  | Noticed a wretched star
    10 | D:1      | Escaped the Abyss
    21 | D:1      | Reached skill level 1 in Dodging
   201 | D:1      | Reached XP level 2. HP: 21/24 MP: 3/3
   209 | D:1      | Reached * piety under Lugonu
   326 | D:1      | Reached XP level 3. HP: 20/29 MP: 5/5
   375 | D:1      | Reached skill level 3 in Axes
   831 | D:2      | Reached XP level 4. HP: 24/35 MP: 6/6
  1210 | D:2      | Noticed Jessica
  1217 | D:2      | Killed Jessica
  1217 | D:2      | Reached ** piety under Lugonu
  1576 | D:3      | Reached XP level 5. HP: 41/41 MP: 7/7
  1577 | D:3      | Found an iron altar of Okawaru.
  1877 | D:3      | Found a glowing drain.
  1882 | Sewer    | Entered a sewer
  1890 | Sewer    | Reached skill level 4 in Axes
  1941 | Sewer    | Noticed a crocodile
  1981 | Sewer    | Killed a crocodile
  1981 | Sewer    | Reached XP level 6. HP: 15/47 MP: 8/8
  2430 | D:4      | Found Hyph's Gadget Shop.
  2692 | D:4      | Noticed an ogre
  2722 | D:4      | HP: 1/47 [spatial distortion (4)]
  2722 | D:4      | Killed from afar by an orc wizard

Skill      XL: |  1  2  3  4  5 |
---------------+----------------+-----
Dodging        | 1 |  1.0
Axes           | 3 4 |  4.7
Invocations    | 3 |  3.1
Armour         | 3 |  3.5
Fighting       | |  3.4
Evocations     | |  0.7

Action                   |  1- 3 |  4- 6 || total
-------------------------+-------+-------++-------
Melee: Hand axe          |    78 |   137 ||   215
Invok: Depart the Abyss  |     1 |       ||     1
       Bend Space        |       |     2 ||     2
Evoke: Wand              |       |     7 ||     7
  Use: Potion            |       |     2 ||     2
       Scroll            |       |     1 ||     1
 Stab: Confused          |       |     2 ||     2
  Eat: Chunk             |       |     6 ||     6
Armor: Leather armour    |    13 |       ||    13
       Ring mail         |    10 |    55 ||    65
Dodge: Dodged            |    51 |    66 ||   117
